 Seeded DCSS version 0.30-a0-799-g109b55a442 (webtiles) character file.

Game seed: 6081334570178307997 (custom seed)

57964 tkbsonic5 the Frost Mage (level 14, 0/116 (119) HPs)
             Began as a Black Draconian Ice Elementalist on Feb 21, 2023.
             Was a Priest of Sif Muna.
             Slain by a skeletal warrior
             ... wielding a +0 halberd
              (23 damage)
             ... on level 13 of the Dungeon.
             The game lasted 03:30:07 (27840 turns).

tkbsonic5 the Frost Mage (DrIE)                    Turns: 27840, Time: 03:30:08

HP:   0/116 (119)   AC: 15    Str: 10    XL:     14   Next: 47%
MP:   22/26         EV: 14    Int: 29    God:    Sif Muna [***...]
Gold: 1820          SH:  0    Dex: 12    Spells: 1/30 levels left

rFire   + . .      SeeInvis .      - Unarmed
rCold   . . .      Faith    .    (shield currently unavailable)
rNeg    . . .      Spirit   .    (body armour unavailable)
rPois   .          Reflect  .    (helmet restricted)
rElec   +          Harm     .    i - scarf {+Inv}
rCorr   .          Rampage  .    (gloves currently unavailable)
Will    +....                    h - +2 pair of boots
Stlth   ++                       K - amulet of regeneration
HPRegen 1.19/turn                m - +4 ring of protection
MPRegen 0.20/turn                n - +6 ring of intelligence

@: swift, blade hands, flying, very slightly contaminated, lightly drained, very
quick
A: flying, breathe lightning, AC +8, unfitting armour, big wings, electricity
resistance, cold-blooded, clever 1, fire resistance 1
a: Breathe Lightning, End Transformation, Renounce Religion, Evoke Invisibility,
Channel Magic, Forget Spell


You were on level 13 of the Dungeon.
You worshipped Sif Muna.
Sif Muna was most pleased with you.
You had blades for hands.
You visited 2 branches of the dungeon, and saw 18 of its levels.

You collected 1820 gold pieces.

Inventory:

Hand Weapons
 f - the +6 dagger of Disharmony (melded) {spect, rPois rF+ Str+2 Int+2}
   (You found it on level 3 of the Dungeon)

   Str:       It affects your strength (+2).
   Int:       It affects your intelligence (+2).
   rF:        It protects you from fire.
   rPois:     It protects you from poison.
 o - the +8 whip "Zoeshrika" {protect, Dex+3}
   (You found it on level 3 of the Dungeon)

   Dex:       It affects your dexterity (+3).
Missiles
 u - a throwing net
 B - 28 poisoned darts
 J - 5 datura-tipped darts
Armour
 h - a +2 pair of boots (worn)
 i - a scarf of invisibility (worn)
 y - a +2 pair of gloves (melded)
 C - a +2 helmet
 L - a +2 pair of gloves
Magical Staves
 I - a staff of poison
Jewellery
 e - an amulet of magic regeneration
 g - a ring of willpower
 k - a ring of poison resistance
 m - a +4 ring of protection (left blade hand)
 n - a +6 ring of intelligence (right blade hand)
 r - the amulet "Qytzukk" {Fly Regen+ Int+3}
   (You found it on level 4 of the Dungeon)

   [amulet of regeneration]

   Int:       It affects your intelligence (+3).
   Fly:       It grants you flight.
   Regen:     It increases your rate of health regeneration.
 t - a +6 ring of dexterity
 K - an amulet of regeneration (around neck)
Wands
 b - a wand of digging (5)
 d - a wand of roots (3)
 E - a wand of charming (14)
Scrolls
 l - 4 scrolls of identify
 w - 2 scrolls of silence
 x - 7 scrolls of enchant weapon
Potions
 s - 5 potions of mutation
 v - a potion of flight
 A - a potion of magic
 D - a potion of resistance
Miscellaneous
 a - a lightning rod (1/4)
 c - a tin of tremorstones (2/2)


   Skills:
 * Level 9.8 Fighting
 - Level 0.3 Axes
 * Level 6.6 Dodging
 - Level 1.7 Stealth
 * Level 8.0 Unarmed Combat
 * Level 8.5 Spellcasting
 * Level 7.2 Conjurations
 - Level 6.8 Summonings
 - Level 4.9 Necromancy
 - Level 2.2 Translocations
 - Level 8.4 Transmutations
 - Level 9.8 Ice Magic
 * Level 8.9 Air Magic
 + Level 8.1 Invocations
 - Level 4.4 Evocations


You had one spell level left.
You knew the following spells:

 Your Spells              Type           Power      Damage    Failure   Level
a - Freeze                Ice            100%       1d10      7%          1
b - Airstrike             Air            29%        2d(5-21)  16%         4
c - Ice Form              Ice/Tmut       60%        N/A       16%         4
d - Hailstorm             Conj/Ice       57%        3d12      11%         3
e - Summon Ice Beast      Ice/Summ       57%        N/A       17%         4
f - Swiftness             Air            59%        N/A       11%         3
g - Arcjolt               Conj/Air       28%        1d38      30%         5
h - Blade Hands           Tmut           28%        N/A       28%         5

Your spell library contained the following spells:

 Spells                   Type           Power      Damage    Failure   Level
 Shock                    Conj/Air       100%       1d9       8%          1
 Summon Small Mammal      Summ           100%       N/A       10%         1
 Sting                    Tmut/Pois      100%       1d8       14%         1
 Foxfire                  Conj/Fire      100%       2x1d9     16%         1
 Sandblast                Erth           24%        2d8       30%         1
 Frozen Ramparts          Ice            100%       1d16      9%          3
 Ozocubu's Armour         Ice            62%        N/A       9%          3
 Static Discharge         Conj/Air       100%       2-7/arc   10%         2
 Call Imp                 Summ           51%        N/A       11%         2
 Ensorcelled Hibernation  Hex/Ice        80%        N/A       14%         2
 Momentum Strike          Conj/Tloc      78%        3d10      14%         2
 Passwall                 Tmut/Erth      30%        N/A       16%         2
 Vhi's Electric Charge    Tloc/Air       88%        N/A       17%         3
 Spider Form              Tmut/Pois      36%        N/A       22%         3
 Kindle Blastsparks       Fire/Tloc/Air  66%        2d15      24%         3
 Ignite Poison            Fire/Tmut/Pois 28%        N/A       30%         3
 Lightning Bolt           Conj/Air       28%        1d44      30%         5
 Irradiate                Conj/Tmut      27%        3d20      32%         5
 Gell's Gravitas          Tloc           25%        N/A       34%         3
 Teleport Other           Tloc           25%        N/A       34%         3
 Portal Projectile        Hex/Tloc       36%        N/A       43%         3
 Tukima's Dance           Hex            12%        N/A       52%         3
 Agony                    Necr           40%        N/A       56%         5
 Summon Forest            Summ/Tloc      19%        N/A       61%         5
 Fireball                 Conj/Fire      16%        3d8       71%         5
 Summon Mana Viper        Hex/Summ       32%        N/A       73%         5
 Simulacrum               Ice/Necr       26%        N/A       75%         6
 Summon Cactus Giant      Summ           25%        N/A       80%         6
 Starburst                Conj/Fire      16%        6d6       98%         6
 Dispersal                Tloc           12%        N/A       99%         6
 Haunt                    Necr/Summ      23%        N/A       100%        7


Dungeon Overview and Level Annotations

Branches:
Dungeon (13/15)            Temple (0/1) D:7            Lair (5/5) D:9
  Swamp (0/4) Lair:2       Spider (0/4) Lair:3        Slime (0/5) Lair:5
    Orc (0/2) D:12         Vaults (0/5) D:13

Altars:
Ashenzari
Cheibriados
Dithmenos
Gozag
Hepliaklqana
Kikubaaqudgha
Qazlal
Ru
Sif Muna
Uskayaw
Vehumet
Xom

Annotations:
D:7 2 transporters
D:13 1 runed translucent door


Innate Abilities, Weirdness & Mutations

You have blades for hands.
You are flying.
Your spellcasting is less reliable in this form.
You are incapable of wielding weapons or throwing items.
You can breathe wild blasts of lightning.
Your glossy black scales are hard. (AC +8)
You cannot fit into any form of body armour.
Your large and strong wings let you fly.
You are resistant to electric shocks. (rElec)
You are cold-blooded and may be slowed by cold attacks.
Your mind is acute. (Int +4, Str/Dex -1)
Your flesh is heat resistant. (rF+)


Message History

You slash the skeletal warrior!
The skeletal warrior is severely damaged.
The skeletal warrior hits you but does no damage.
You slice the skeletal warrior!!
You destroy the skeletal warrior!
Sif Muna accepts your kill.
You slash the skeletal warrior!
You tail-slap the skeletal warrior, but do no damage.
The skeletal warrior is moderately damaged.
You slash the skeletal warrior!
You tail-slap the skeletal warrior, but do no damage.
The skeletal warrior is heavily damaged.
The skeletal warrior barely misses you.
The skeletal warrior hits you from afar with a +0 halberd!
You slice the skeletal warrior!!
The skeletal warrior is almost destroyed.
You flicker back into view.
The skeletal warrior closely misses you.
The skeletal warrior hits you but does no damage.
The skeletal warrior barely misses you.
You barely miss the skeletal warrior.
The skeletal warrior is almost destroyed.
The skeletal warrior completely misses you.
The skeletal warrior barely misses you. x2
You hit the skeletal warrior but do no damage.
The skeletal warrior is almost destroyed.
The skeletal warrior hits you with a +0 battleaxe!
The skeletal warrior hits you from afar with a +0 halberd!!
The skeletal warrior hits you from afar with a +0 halberd!
Casting: Blade Hands (dangerous; 28% risk of failure)
Confirm with . or Enter, or press ? or * to list all spells.
Okay, then.
Casting: Blade Hands (dangerous; 28% risk of failure)
Confirm with . or Enter, or press ? or * to list all spells.
You feel quick.
The skeletal warrior hits you from afar with a +0 halberd!
* * * LOW HITPOINT WARNING * * *
The skeletal warrior barely misses you.
The skeletal warrior hits you from afar with a +0 halberd!!
You die...

#.#.####...#.........#......###
#.#.# #.#.#....z.>..#......#.#
#.#.# #.#.#....z....#.......##
#.#.####.#.'.zz.9....#......##
#.#......###.z.......#####.##
#.######## #......... ##.##
#...# #......... ##.##
###.####### #z#########.##
#.......# #zz@.......##
#######.############.#
#.........#.##.#
#########.#....# #...#.####
#.###.# #)###.# #.....# #####.#


You could see 3 skeletal warriors.

Vanquished Creatures
  A tengu reaver (D:13)
  A fire giant (D:13)
  A war gargoyle (D:13)
  An ettin (D:13)
  Josephine (D:11)
  3 hydras (D:13)
  2 boulder beetles (D:13)
  3 centaur warriors (D:13)
  An ogre mage (D:13)
  2 two-headed ogres
  A deep troll earth mage (D:13)
  4 death yaks (Lair:2)
  A tengu warrior (D:13)
  3 skysharks
  5 skeletal warriors
  An orb spider (Lair:3)
  A wizard (D:13)
  3 deep elf pyromancers (D:13)
  2 cyclopes
  A slime creature (Lair:5)
  A black mamba (Lair:2)
  Joseph (D:10)
  A gargoyle (D:13)
  14 cane toads
  8 komodo dragons
  A rime drake (Lair:4)
  A yaktaur (D:13)
  5 trolls
  A hornet (Lair:2)
  2 tyrant leeches (Lair:5)
  11 blink frogs (Lair:5)
  4 dream sheep
  A centaur simulacrum (D:13)
  2 culicivoras (shapeshifter) (D:13)
  A shadow (D:13)
  A wyvern (Lair:1)
  5 basilisks
  6 wraiths
  32 yaks
  Eustachio (D:5)
  4 vampire mosquitoes (Lair:5)
  Menkaure (D:5)
  2 wargs (D:12)
  An acid dragon (D:9)
  2 nameless horrors (D:8)
  6 water moccasins
  8 orc warriors
  2 sky beasts
  4 black bears
  4 ogres
  7 centaurs
  9 wolves
  A phantom (D:4)
  3 kobold brigands
  21 bullfrogs
  3 gnoll sergeants
  4 necrophages
  2 scorpions (D:5)
  6 killer bees
  2 electric eels (Lair:5)
  2 howler monkeys
  A lava snake (D:11)
  4 hounds
  4 jellies
  8 orc priests
  A gnoll bouda (D:6)
  5 hell rats (Lair:1)
  4 iguanas
  Ijyb (D:5)
  10 orc wizards
  Natasha (thrice) (D:4)
  18 gnolls
  6 adders
  A shadow imp (D:6)
  3 white imps
  3 ufetubi
  4 worms
  4 dart slugs
  47 orcs
  10 ball pythons
  9 bats
  An endoplasm (D:4)
  2 giant cockroaches
  5 goblins
  6 hobgoblins
  2 jackals (D:4)
  5 quokkas
  A frilled lizard (D:3)
  21 kobolds
  6 rats
426 creatures vanquished.

Vanquished Creatures (collateral kills)
  A hydra (Lair:5)
  A boulder beetle (D:11)
  3 two-headed ogres (D:10)
  2 death yaks
  An ugly thing (D:12)
  A cane toad (Lair:1)
  A komodo dragon (D:12)
  A kobold demonologist (D:9)
  A troll (D:13)
  A blink frog (Lair:5)
  2 dream sheep
  A wraith (D:12)
  13 yaks
  A vampire mosquito (Lair:5)
  3 water moccasins
  A swamp worm (D:8)
  A sky beast (D:8)
  A swamp drake (Lair:2)
  2 wolves
  A centaur (D:7)
  3 bullfrogs
  A gnoll sergeant (D:8)
  4 killer bees
  A gnoll bouda (D:10)
  An orc wizard (D:4)
  4 gnolls
  2 orcs
  3 kobolds (D:8)
58 creatures vanquished.

Vanquished Creatures (others)
  Nessos (D:13)
  A troll (D:13)
  2 gnolls (D:4)
  A dart slug (D:3)
  An orc (D:4)
  53 fungi
  184 plants
  5 toadstools (D:8)
248 creatures vanquished.

Grand Total: 732 creatures vanquished

Notes
Turn   | Place    | Note
-------+----------+-------------------------------------------
     0 | D:1      | tkbsonic5 the Draconian Ice Elementalist began the quest
                  | for the Orb.
     0 | D:1      | Reached XP level 1. HP: 14/14 MP: 3/3
   220 | D:1      | Reached XP level 2. HP: 22/22 MP: 0/5
   299 | D:1      | Reached skill level 1 in Fighting
  1032 | D:2      | Reached XP level 3. HP: 20/28 MP: 3/6
  1103 | D:1      | Learned a level 3 spell: Frozen Ramparts
  1165 | D:2      | Reached skill level 1 in Evocations
  1237 | D:2      | Reached XP level 4. HP: 36/36 MP: 4/7
  1415 | D:2      | Found a shimmering altar of Xom.
  1795 | D:3      | Learned a level 4 spell: Ice Form
  1894 | D:3      | Identified the +6 dagger of Disharmony {spect, rPois rF+
                  | Str+2 Int+2}
  1995 | D:3      | Identified the +8 whip "Zoeshrika" {protect, Dex+3}
  2052 | D:3      | Found a shimmering blue altar of Sif Muna.
  2058 | D:3      | Became a worshipper of Sif Muna the Loreminder
  2729 | D:4      | Noticed a phantom
  2733 | D:4      | Killed a phantom
  2734 | D:4      | Reached skill level 1 in Transmutations
  2734 | D:4      | Reached XP level 5. HP: 42/42 MP: 9/9
  2779 | D:4      | Noticed a sky beast
  2786 | D:4      | Killed a sky beast
  2787 | D:4      | Reached skill level 5 in Ice Magic
  2788 | D:4      | Noticed an ogre
  2951 | D:4      | Reached XP level 6. HP: 50/50 MP: 6/10
  3093 | D:4      | Noticed Natasha
  3094 | D:4      | Killed Natasha
  3156 | D:4      | Noticed Natasha
  3157 | D:4      | Killed Natasha
  4072 | D:4      | Your scales start taking on a glossy black colour.
  4072 | D:4      | Reached XP level 7. HP: 56/56 MP: 6/11
  4072 | D:4      | Gained mutation: You are resistant to electric shocks.
                  | (rElec) [Black Draconian growth]
  4118 | D:4      | Noticed Natasha
  4119 | D:4      | Killed Natasha
  4119 | D:4      | Reached * piety under Sif Muna
  4233 | D:4      | Identified the amulet "Qytzukk" {Fly Regen+ Int+3}
  4305 | D:5      | Entered Level 5 of the Dungeon
  4305 | D:5      | Noticed Ijyb
  4315 | D:5      | Killed Ijyb
  4492 | D:5      | Noticed Eustachio
  4578 | D:5      | Reached skill level 1 in Unarmed Combat
  4587 | D:5      | Killed Eustachio
  4653 | D:5      | Reached XP level 8. HP: 63/63 MP: 1/13
  4657 | D:5      | Learned a level 3 spell: Hailstorm
  4782 | D:5      | Reached skill level 5 in Transmutations
  4947 | D:5      | Noticed Menkaure
  5107 | D:5      | Killed Menkaure
  5108 | D:5      | Reached skill level 1 in Invocations
  5182 | D:5      | Found a snail-covered altar of Cheibriados.
  5202 | D:5      | Found a stormy altar of Qazlal.
  5205 | D:5      | Reached ** piety under Sif Muna
  5324 | D:5      | Learned a level 4 spell: Summon Ice Beast
  5702 | D:6      | Reached skill level 1 in Conjurations
  5874 | D:6      | Reached XP level 9. HP: 72/72 MP: 4/15
  6050 | D:6      | Reached skill level 1 in Summonings
  6287 | D:7      | Found a sacrificial altar of Ru.
  6288 | D:7      | Found an opulent altar of Gozag.
  6288 | D:7      | Found a shadowy altar of Dithmenos.
  6686 | D:7      | Found a staircase to the Ecumenical Temple.
  6739 | D:7      | Reached skill level 5 in Fighting
  6851 | D:7      | Found a transporter.
  6983 | D:7      | Found a transporter.
  7069 | D:7      | Got the Compendium of Venom
  7076 | D:7      | Learned a level 4 spell: Airstrike
  7396 | D:8      | Reached skill level 1 in Air Magic
  7453 | D:8      | Reached skill level 5 in Spellcasting
  7460 | D:8      | Reached *** piety under Sif Muna
  8176 | D:8      | Reached XP level 10. HP: 81/81 MP: 11/17
  8829 | D:9      | Learned a level 3 spell: Swiftness
  8882 | D:9      | Found a hazy altar of Hepliaklqana.
  9168 | D:9      | Found a staircase to the Lair.
  9261 | D:9      | Found an ancient bone altar of Kikubaaqudgha.
  9409 | D:9      | Found a hide-covered altar of Uskayaw.
  9441 | D:9      | You are sucked into a shaft and drop 3 floors!
  9473 | D:12     | Noticed a skeletal warrior
  9622 | D:11     | Noticed a cyclops
  9652 | D:10     | Entered Level 10 of the Dungeon
  9653 | D:10     | Noticed Joseph
  9675 | D:10     | Killed Joseph
 10010 | D:10     | Noticed a two-headed ogre
 10121 | D:10     | Noticed a two-headed ogre
 10151 | D:10     | Killed a two-headed ogre
 10152 | D:10     | Reached skill level 5 in Invocations
 10152 | D:10     | Reached XP level 11. HP: 91/91 MP: 6/19
 10265 | D:10     | Killed a two-headed ogre
 10266 | D:10     | Reached skill level 5 in Unarmed Combat
 10408 | D:10     | Found a radiant altar of Vehumet.
 10548 | D:10     | Noticed a two-headed ogre
 10556 | D:10     | Killed a two-headed ogre
 10556 | D:10     | Reached **** piety under Sif Muna
 10886 | D:10     | Identified the +9 hand axe "Ogrebane" {heavy, MP+9 Int+3}
 10911 | D:10     | Found a broken altar of Ashenzari.
 11560 | D:11     | Noticed Josephine
 11576 | D:11     | Noticed a skeletal warrior
 11644 | Lair:1   | Entered Level 1 of the Lair of Beasts
 12379 | Lair:1   | Got Sif Muna's Precepts of Mutable Clay
 12719 | Lair:2   | Noticed a death yak
 12719 | Lair:2   | Noticed a death yak
 12719 | Lair:2   | Noticed a death yak
 12719 | Lair:2   | Noticed a death yak
 12719 | Lair:2   | Noticed a death yak
 12719 | Lair:2   | Noticed a death yak
 12819 | Lair:2   | Found a staircase to the Swamp.
 13673 | Lair:2   | Noticed a skyshark
 13687 | Lair:2   | Killed a skyshark
 13792 | Lair:2   | Reached skill level 5 in Air Magic
 14032 | Lair:2   | Got the Writings on Unhallowed Words and Topology
 14225 | Lair:2   | Killed a death yak
 14226 | Lair:2   | Reached XP level 12. HP: 92/100 MP: 8/21
 14231 | Lair:2   | Killed a death yak
 14231 | Lair:2   | Reached ***** piety under Sif Muna
 14247 | Lair:2   | Killed a death yak
 14254 | Lair:2   | Killed a death yak
 14263 | Lair:2   | Killed a death yak
 14402 | Lair:1   | Killed a death yak
 14403 | Lair:1   | Reached skill level 5 in Dodging
 14403 | Lair:1   | Reached skill level 5 in Conjurations
 14793 | Lair:2   | Learned a level 5 spell: Agony
 15000 | Lair:3   | Reached skill level 5 in Summonings
 15308 | Lair:3   | You are sucked into a shaft and drop 2 floors!
 15308 | Lair:5   | Entered Level 5 of the Lair of Beasts
 15545 | Lair:5   | Reached skill level 1 in Necromancy
 15697 | Lair:5   | Noticed a five-headed hydra
 16166 | Lair:3   | Received a gift from Sif Muna
 16197 | Lair:3   | Got Sif Muna's Directory of the Oath and the Retinue {god
                  | gift}
 16225 | Lair:3   | Found a hole to the Spider Nest.
 17736 | Lair:5   | Killed a five-headed hydra
 17737 | Lair:5   | Reached XP level 13. HP: 108/108 MP: 10/23
 18806 | Lair:5   | Received a gift from Sif Muna
 18819 | Lair:5   | Learned a level 3 spell: Vhi's Electric Charge
 19237 | Lair:5   | Found a staircase to the Slime Pits.
 20427 | D:11     | Killed Josephine
 21283 | D:11     | Reached skill level 1 in Translocations
 21411 | D:11     | Learned a level 5 spell: Lightning Bolt
 23072 | D:12     | Found a staircase to the Orcish Mines.
 23270 | D:13     | Noticed Nessos
 23429 | D:13     | Found a runed translucent door.
 23698 | D:13     | HP: 5/111 [poisoned by Nessos]
 24111 | D:13     | Noticed a tengu reaver
 24128 | D:13     | HP: 5/111 [cyan ugly thing (4)]
 24416 | D:12     | Learned a level 5 spell: Arcjolt
 24818 | D:13     | Gained mutation: Your large and strong wings let you fly.
                  | [Black Draconian growth]
 24818 | D:13     | Reached XP level 14. HP: 118/118 MP: 6/26
 24979 | D:13     | Found a gate to the Vaults.
 25061 | D:13     | Found a runed translucent door.
 25110 | D:13     | Noticed a broodmother
 25111 | D:13     | a broodmother changed into a quicksilver ooze
 25111 | D:13     | Noticed a quicksilver ooze (glowing shapeshifter)
 25116 | D:13     | a quicksilver ooze changed into a spark wasp
 25119 | D:13     | Your ally Nessos died
 25132 | D:13     | Killed a tengu reaver
 25348 | D:12     | Gained mutation: Your mind is acute. (Int +4, Str/Dex -1)
                  | [potion of mutation]
 25348 | D:12     | Gained mutation: Your flesh is heat resistant. (rF+)
                  | [potion of mutation]
 26352 | D:13     | Noticed a fire giant
 26361 | D:13     | Killed a fire giant
 26662 | D:12     | Learned a level 5 spell: Summon Forest
 27514 | D:13     | Learned a level 5 spell: Blade Hands
 27820 | D:13     | Noticed a war gargoyle
 27830 | D:13     | Killed a war gargoyle
 27840 | D:13     | Slain by a skeletal warrior

Illustrated notes

Levels and vault maps discovered:
D:1:      ncdulo_smallfort, layout_loops_cross
D:2:      layout_rooms, basic_altar, minmay_liquid_box
D:3:      layout_loops_ring, led_sif_pool, lemuel_flame_loot_1
D:4:      layout_gridville, cheibrodos_sewer_entry_bend, minmay_starry_boxes,
          uniq_natasha
D:5:      layout_rooms, general_overflow_altar, nicolae_qazlal_eye_of_the_storm,
          chequers_serial_rivers_room_b, uniq_ijyb, uniq_eustachio,
          uniq_menkaure
D:6:      layout_rooms
D:7:      gammafunk_cloud_chamber, layout_basic,
          chequers_temple_overflow_statue_of_worship,
          minmay_temple_entry_stoned_glass, minmay_misc_feat_secret_circle,
          minmay_diced_spiral
D:8:      layout_cave_pools, minmay_misc_feat_cross, minmay_gold_behind_fungi,
          worms_lemuel
D:9:      layout_roguey, mainiacjoe_overflow_cross_hatched,
          jmf_multi_god_temple, lair_entry_dummy
D:10:     layout_roguey [special_room_orc], mainiacjoe_overflow_alcove_1,
          nicolae_vehumet_radiance, hangedman_abyss_or_decor_lesser_grid,
          minmay_sticks_and_stones
D:11:     layout_roguey, portal_ice_cave_entry_pillars_1,
          kennysheep_generic_room_3, uniq_josephine
D:12:     layout_layer_cave, minmay_orc_entry_guard_dogs
D:13:     minmay_expanding_circles, layout_basic, david_vaults_1, uniq_nessos
Lair:1:   layout_regular_city
Lair:2:   layout_chaotic_city, minmay_swamp_entry_reptiles, serial_forest,
          infiniplex_forest_corner_2, infiniplex_forest_corner_1,
          infiniplex_forest_clump_long, infiniplex_forest_corner_1,
          infiniplex_forest_end_double, infiniplex_forest_clump_small,
          grunt_megastairs_4
Lair:3:   layout_long_grid, nicolae_spider_entry_orb_guardian
Lair:4:   layout_gridlike
Lair:5:   minmay_lair_end_frog_pond, layout_small_grid,
          minmay_slime_entry_pillars, serial_bayou_pond_a,
          minmay_stone_trees_small

Skill      XL: |  1  2  3  4  5  6  7  8  9 10 11 12 13 14 |
---------------+-------------------------------------------+-----
Fighting       | 1 2 3 4 5 6 7 8 9 |  9.8
Evocations     | 1 3 4 |  4.4
Spellcasting   | 3 4 5 6 7 8 |  8.5
Transmutations | 1 2 3 4 5 6 7 8 |  8.4
Ice Magic      | 5 6 7 8 9 |  9.8
Unarmed Combat | 1 2 4 5 6 7 8 |  8.0
Dodging        | 2 3 4 5 6 |  6.6
Invocations    | 2 3 5 6 7 8 |  8.1
Conjurations   | 1 2 3 4 5 6 7 |  7.2
Summonings     | 2 3 4 5 6 |  6.8
Air Magic      | 2 3 5 6 7 8 |  8.9
Necromancy     | 2 4 |  4.9
Translocations | 1 2 |  2.2
Axes           | |  0.3
Stealth        | |  1.7

Action                     |  1- 3 |  4- 6 |  7- 9 | 10-12 | 13-15 || total
---------------------------+-------+-------+-------+-------+-------++-------
  Melee: Club              |     7 |       |       |       |       ||     7
         Unarmed           |     1 |     3 |   204 |   432 |   271 ||   911
         Short sword       |     6 |     1 |       |       |       ||     7
         Tailslap          |     2 |       |       |     2 |    11 ||    15
         Dagger            |       |    14 |     5 |    18 |     8 ||    45
         Hand axe          |       |       |       |       |     4 ||     4
         Punch             |       |       |       |       |     1 ||     1
  Throw: Dart              |    15 |     2 |       |       |     5 ||    22
         Throwing net      |       |       |     1 |       |       ||     1
   Cast: Freeze            |    37 |    33 |     7 |     7 |     3 ||    87
         Frozen Ramparts   |     1 |    16 |    22 |       |       ||    39
         Ice Form          |       |     1 |    26 |    50 |    26 ||   103
         Hailstorm         |       |       |    25 |    28 |    11 ||    64
         Summon Ice Beast  |       |       |    12 |    71 |    47 ||   130
         Airstrike         |       |       |       |    24 |   100 ||   124
         Swiftness         |       |       |       |    10 |    17 ||    27
         Lightning Bolt    |       |       |       |       |    31 ||    31
         Arcjolt           |       |       |       |       |    28 ||    28
         Vhi's Electric Ch |       |       |       |       |     2 ||     2
         Summon Forest     |       |       |       |       |     2 ||     2
         Blade Hands       |       |       |       |       |     1 ||     1
 Invoke: Channel Magic     |       |       |     1 |     4 |     5 ||    10
         Forget Spell      |       |       |       |       |     2 ||     2
Ability: Breathe Lightning |       |       |     5 |    14 |     1 ||    20
         End Transformatio |       |       |       |     1 |       ||     1
         Evoke Invisibilit |       |       |       |       |     1 ||     1
  Evoke: Wand              |       |    14 |    16 |     3 |    15 ||    48
         Lightning rod     |       |       |       |     4 |     6 ||    10
    Use: Potion            |     5 |     2 |    11 |     2 |     6 ||    26
         Scroll            |       |     8 |    10 |    13 |    14 ||    45
   Stab: Sleeping          |       |     4 |       |       |       ||     4
         Invisible         |       |       |       |       |     3 ||     3
         Distracted        |       |       |       |       |     2 ||     2
 Armour: Skin              |    13 |    10 |    95 |   185 |   147 ||   450
  Dodge: Dodged            |    33 |    22 |   127 |   239 |   201 ||   622

Table legend: (Time is in decaauts)
 A = Elapsed time spent in this place.
 B = Non-inter-level travel time spent in this place.
 C = Inter-level travel time spent in this place.
 D = Time resting spent in this place.
 E = Time spent auto-exploring this place.
 F = Levels seen in this place.
 G = Mean time per level.
                   A        B        C        D        E       F      G
               +--------+--------+--------+--------+--------+-----+--------+
         Total |  27739 |  27123 |    616 |   5793 |  16071 |  18 | 1541.1 |
       Dungeon |  19721 |  19272 |    449 |   4418 |  11007 |  13 | 1517.0 |
          Lair |   8017 |   7850 |    167 |   1375 |   5064 |   5 | 1603.4 |
               +--------+--------+--------+--------+--------+-----+--------+

Top non-repeatable levels by time:
    D:13: 2899 daAuts
    D:11: 2764 daAuts
    D:12: 2642 daAuts
  Lair:5: 2328 daAuts
  Lair:1: 1811 daAuts
    D:10: 1712 daAuts
     D:4: 1550 daAuts
  Lair:2: 1521 daAuts
  Lair:3: 1509 daAuts
     D:7: 1313 daAuts
     D:8: 1157 daAuts
     D:1: 1089 daAuts
     D:3: 1048 daAuts
     D:5: 1040 daAuts
     D:9: 946 daAuts
